 Seeded DCSS version 0.30.0-13-g156ef70053 (webtiles) character file.

Game seed: 12816408295720546860 (custom seed)

261 CInkIbrahim the Chopper (level 5, -3/41 HPs)
             Began as a Demonspawn Fighter on May 18, 2023.
             Slain by a gnoll
             ... wielding a +0 halberd
              (9 damage)
             ... on level 4 of the Dungeon.
             The game lasted 00:04:57 (3159 turns).

CInkIbrahim the Chopper (Demonspawn Fighter)        Turns: 3159, Time: 00:04:57

Health: -3/41      AC:  9    Str: 16    XL:     5   Next: 96%
Magic:  5/5        EV:  8    Int: 10    God:
Gold:   165        SH:  5    Dex: 18    Spells: 4/4 levels left

rFire   + . .        a - +0 war axe
rCold   x . .        c - +0 buckler
rNeg    . . .        r - +0 scale mail
rPois   .            (helmet restricted)
rElec   .            m - +0 cloak
rCorr   .            (no gloves)
SInv    .            q - +0 pair of boots
Will    .....        (no amulet) Stlth
                     t - +6 ring of dexterity
HPRegen 0.26/turn    (no ring)
MPRegen 0.09/turn

%: no passive effects
@: no status effects
A: horns 2, foul stench 2, fire resistance 1, shaggy fur 1, weak 1, cold
vulnerability 1
a: no special abilities


You were on level 4 of the Dungeon.
You visited 1 branch of the dungeon, and saw 4 of its levels.

You collected 165 gold pieces.

Inventory:

Hand Weapons
 a - a +0 war axe (weapon)
 b - a +2 quarterstaff of chaos
Missiles
 e - 11 poisoned darts (quivered)
Armour
 c - a +0 buckler (worn)
 m - a +0 cloak (worn)
 n - a +0 helmet
 p - a +0 kite shield
 q - a +0 pair of boots (worn)
 r - a +0 scale mail (worn)
Jewellery
 t - a +6 ring of dexterity (left hand)
Wands
 i - a wand of flame (17)
Scrolls
 h - 3 scrolls of teleportation
 j - a scroll of fear
 o - a scroll of silence
 u - a scroll of enchant weapon {unknown}
 v - a scroll of identify
Potions
 d - a potion of might
 f - 3 potions of heal wounds
 g - a potion of attraction
 k - 3 potions of flight
 l - 3 potions of curing
 s - 2 potions of lignification {unknown}


   Skills:
 - Level 3.0 Fighting
 + Level 5.7 Axes
 - Level 2.6 Armour
 - Level 2.6 Shields


You had 4 spell levels left.
You didn't know any spells.
Your spell library contained the following spells:

 Spells                   Type           Power      Damage    Failure   Level
 Shock                    Conj/Air       0%         1d3       87%         1
 Slow                     Hex            0%         N/A       87%         1
 Ensorcelled Hibernation  Hex/Ice        0%         N/A       95%         2
 Confusing Touch          Hex            0%         N/A       99%         3
 Spider Form              Tmut/Pois      0%         N/A       99%         3
 Swiftness                Air            0%         N/A       99%         3
 Vampiric Draining        Necr           0%         2d6       99%         3
 Airstrike                Air            0%         2d(0-16)  100%        4
 Anguish                  Hex/Necr       0%         N/A       100%        4


Dungeon Overview and Level Annotations

Branches:
Dungeon (4/15)
 Temple: D:4-7

Altars:
Dithmenos


Innate Abilities, Weirdness & Mutations

You have a pair of horns on your head.
You sometimes emit foul miasma when damaged in melee.
Your flesh is heat resistant. (rF+)
You are covered in fur. (AC +1)
You are weak. (Str -2)
You are vulnerable to cold. (rC-)


Message History

You hear a shout!
The gnoll shouts!
There are monsters nearby!
There are monsters nearby!
A gnoll comes into view. It is wielding a +0 club.
You block the gnoll's attack.
The gnoll hits you from afar with a +0 halberd.
There are monsters nearby!
You barely miss the gnoll. The gnoll hits you with a +0 spear.
You block the gnoll's attack.
There are monsters nearby!
You hit the gnoll.
The gnoll is heavily wounded.
The gnoll barely misses you.
The gnoll hits you from afar with a +0 halberd.
There are monsters nearby!
You hit the gnoll.
The gnoll is heavily wounded.
The gnoll hits you with a +0 spear. The gnoll barely misses you.
You barely miss the gnoll.
The gnoll is heavily wounded.
The gnoll hits you with a +0 spear. You block the gnoll's attack.
You closely miss the gnoll.
The gnoll is heavily wounded.
You block the gnoll's attack. The gnoll barely misses you.
The gnoll hits you with a +0 spear.
The gnoll hits you from afar with a +0 halberd!
You hit the gnoll.
The gnoll is severely wounded.
The gnoll hits you but does no damage. The gnoll closely misses you.
You slash the gnoll!
You kill the gnoll!
The gnoll closely misses you. The gnoll hits you with a +0 halberd!
* * * LOW HITPOINT WARNING * * *
You see here a +0 spear.
You barely miss the gnoll. The gnoll hits you but does no damage.
You barely miss the gnoll. Your headbutt misses the gnoll.
The gnoll hits you with a +0 halberd!
You die...

########## #.........
#.######## #.# ##.##
#####...##
#######.....#..######
#.gg@...###....##....
#.####### ##.#.##.###
#.#.# #.#.# #.#.#
#.#.# #.... ### ...


You could see 2 gnolls.

Vanquished Creatures
  Crazy Yiuf (D:3)
  2 orc priests (D:3)
  Terence (D:2)
  5 adders
  A gnoll (D:4)
  A shadow imp (D:3)
  A worm (D:2)
  3 dart slugs
  6 orcs (D:3)
  5 bats
  6 endoplasms
  4 giant cockroaches
  2 goblins
  11 hobgoblins
  2 quokkas
  9 ball pythons
  6 frilled lizards
  4 kobolds
  5 rats
75 creatures vanquished.

Notes
Turn   | Place    | Note
-------+----------+-------------------------------------------
     0 | D:1      | CInkIbrahim the Demonspawn Fighter began the quest for the
                  | Orb.
     0 | D:1      | Reached XP level 1. HP: 18/18 MP: 1/1
   133 | D:1      | Reached skill level 2 in Axes
   212 | D:1      | Gained mutation: You may rarely emit foul miasma when
                  | damaged in melee. [demonic ancestry]
   212 | D:1      | Reached XP level 2. HP: 24/24 MP: 2/2
   516 | D:1      | Found a faded altar of an unknown god.
   556 | D:1      | Reached skill level 3 in Axes
  1261 | D:2      | Gained mutation: You have a pair of small horns on your
                  | head. [demonic ancestry]
  1261 | D:2      | Reached XP level 3. HP: 28/29 MP: 3/3
  1355 | D:2      | Noticed Terence
  1364 | D:2      | Killed Terence
  1365 | D:2      | Reached skill level 4 in Axes
  1365 | D:2      | Gained mutation: You have a pair of horns on your head.
                  | [demonic ancestry]
  1365 | D:2      | Reached XP level 4. HP: 10/35 MP: 4/4
  2025 | D:3      | Found a shadowy altar of Dithmenos.
  2038 | D:3      | Reached skill level 5 in Axes
  2038 | D:3      | Gained mutation: You sometimes emit foul miasma when
                  | damaged in melee. [demonic ancestry]
  2038 | D:3      | Reached XP level 5. HP: 3/41 MP: 5/5
  2557 | D:3      | Found a runed translucent door.
  2558 | D:3      | Noticed Crazy Yiuf
  2793 | D:3      | Gained mutation: You are weak. (Str -2) [potion of
                  | mutation]
  2793 | D:3      | Gained mutation: You are covered in fur. (AC +1) [potion of
                  | mutation]
  2793 | D:3      | Gained mutation: You are vulnerable to cold. (rC-) [potion
                  | of mutation]
  2793 | D:3      | Gained mutation: Your flesh is heat resistant. (rF+)
                  | [potion of mutation]
  2799 | D:3      | Killed Crazy Yiuf
  3159 | D:4      | Slain by a gnoll

Illustrated notes

Levels and vault maps discovered:
D:1:      sevenhm_arrival_forest_fort_large_2, layout_loops_corners,
          serial_forest, infiniplex_forest_diagonal,
          infiniplex_forest_clump_medium, infiniplex_forest_straight_3,
          infiniplex_forest_straight_2, infiniplex_forest_lined_2,
          infiniplex_forest_clump_curved, infiniplex_forest_lined_2,
          nicolae_ecumenical_snake_handling, grunt_decor_resistance,
          minivault_27, fountainhead
D:2:      layout_rooms, minmay_misc_feat_encased, uniq_terence
D:3:      layout_rooms, nicolae_dithmenos_the_darkroom, uniq_crazy_yiuf_cottage
D:4:      layout_loops_ring

Skill      XL: |  1  2  3  4 |
---------------+-------------+-----
Axes           | 2 3 4 5 |  5.7
Fighting       | |  3.0
Armour         | |  2.6
Shields        | |  2.6

Action                     |  1- 3 |  4- 6 || total
---------------------------+-------+-------++-------
  Melee: War axe           |    74 |   102 ||   176
         Headbutt          |     4 |     7 ||    11
    Use: Scroll            |     2 |     6 ||     8
         Potion            |       |     1 ||     1
 Armour: Scale mail        |    44 |    46 ||    90
  Dodge: Dodged            |    45 |    46 ||    91
  Block: Buckler           |    24 |    25 ||    49
